[ AOE2 MATCH · #505659847 ]
UnrankedMaya vs Chinese
Player's team · WIN
Rival team · LOSS
[ REPLAY ANALYSIS · EXTRACTED FROM THE RECORDED GAME ]
Feudal
11:38
Castle
21:39
Imperial
—
| APM avg | 42.7 |
| APM peak | 78 |
| eAPM avg | 16.2 |
| Villagers / military | 42 / 29 |
Focus
⚔️ 30.5% · 🌾 69.5%
Archer ×24 · Militia ×3 · Spearman ×2
Feudal
13:09
Castle
17:41
Imperial
—
| APM avg | 23.2 |
| APM peak | 53 |
| eAPM avg | 14.3 |
| Villagers / military | 52 / 9 |
Focus
⚔️ 21.6% · 🌾 78.4%
Skirmisher ×9
Match map
Initial resources + every placement click. Lines = walls · curves = elevation contours. ◆ gold · ⬟ stone · ● berries · ✦ relic · ◌ wall gap
Your base· ✓ Closed at 21:39 · 39t walls · no gate
Kai's base· Open — unwalled flank
Smoothed initial terrain · ◌ = detected wall gap · hover for details
Inputs per minute
— Arlechinno - - Kai
Build order — Arlechinno
133 actions detected in the replay
| 0:00 | Research | Loom |
| 0:02 | Build | House |
| 0:05 | Build | House |
| 0:14 | Create | Villager (Male) |
| 0:14 | Create | Villager (Male) |
| 0:14 | Create | Villager (Male) |
| 1:27 | Create | Villager (Male) |
| 1:40 | Create | Villager (Male) |
| 1:56 | Build | Lumber Camp |
| 2:12 | Create | Villager (Male) |
| 2:59 | Create | Villager (Male) |
| 3:23 | Create | Villager (Male) |
| 3:45 | Create | Villager (Male) |
| 3:57 | Build | House |
| 4:05 | Create | Villager (Male) |
| 4:06 | Create | Villager (Male) |
| 4:21 | Build | House |
| 4:29 | Create | Villager (Male) |
| 4:35 | Build | Barracks |
| 4:50 | Create | Villager (Male) |
| 4:55 | Create | Villager (Male) |
| 5:12 | Create | Villager (Male) |
| 5:29 | Create | Militia |
| 5:37 | Build | House |
| 5:49 | Create | Militia |
| 6:10 | Create | Villager (Male) |
| 6:13 | Build | Mill |
| 6:15 | Create | Villager (Male) |
| 6:22 | Create | Militia |
| 6:28 | Build | House |
| 7:22 | Create | Villager (Male) |
| 7:34 | Build | House |
| 7:48 | Create | Villager (Male) |
| 7:49 | Create | Villager (Male) |
| 7:51 | Build | House |
| 8:04 | Create | Villager (Male) |
| 8:41 | Build | Palisade Wall |
| 9:28 | Research | Feudal Age |
| 10:20 | Build | House |
| 10:21 | Build | House |
| 10:45 | Build | Mining Camp |
| 11:28 | Build | House |
| 11:29 | Create | Villager (Male) |
| 11:38 | Age | Feudal Age |
| 11:47 | Build | Archery Range |
| 11:55 | Research | Double-Bit Axe |
| 11:56 | Research | Horse Collar |
| 11:58 | Create | Villager (Male) |
| 12:12 | Create | Villager (Male) |
| 12:26 | Build | Farm |
| 12:27 | Build | Farm |
| 12:30 | Build | Farm |
| 12:33 | Build | Farm |
| 12:54 | Create | Villager (Male) |
| 12:57 | Build | Farm |
| 13:06 | Create | Villager (Male) |
| 13:37 | Build | Lumber Camp |
| 13:38 | Create | Villager (Male) |
| 13:52 | Create | Villager (Male) |
| 14:23 | Create | Archer |
| 14:26 | Create | Villager (Male) |
| 14:32 | Build | Blacksmith |
| 14:42 | Create | Villager (Male) |
| 14:48 | Build | Farm |
| 14:52 | Create | Archer |
| 15:10 | Research | Fletching |
| 15:10 | Create | Villager (Male) |
| 15:14 | Build | Archery Range |
| 15:22 | Create | Villager (Male) |
| 15:29 | Build | Farm |
| 15:34 | Create | Archer |
| 15:51 | Create | Archer |
| 15:57 | Create | Archer |
| 16:14 | Build | Watch Tower |
| 16:16 | Create | Archer |
| 16:21 | Create | Villager (Male) |
| 16:22 | Create | Villager (Male) |
| 16:23 | Create | Archer |
| 16:34 | Create | Villager (Male) |
| 16:37 | Build | Farm |
| 16:39 | Build | Farm |
| 16:42 | Build | Farm |
| 16:58 | Create | Archer |
| 17:03 | Build | House |
| 17:08 | Build | Farm |
| 17:20 | Create | Archer |
| 17:30 | Build | Palisade Wall |
| 17:31 | Build | Palisade Wall |
| 17:32 | Build | Palisade Wall |
| 17:32 | Build | Palisade Wall |
| 17:44 | Create | Villager (Male) |
| 17:45 | Create | Archer |
| 17:46 | Create | Archer |
| 17:48 | Create | Spearman |
| 17:48 | Create | Spearman |
| 17:58 | Build | House |
| 17:59 | Build | House |
| 18:11 | Create | Archer |
| 18:11 | Create | Villager (Male) |
| 18:23 | Build | House |
| 18:23 | Build | House |
| 18:35 | Create | Archer |
| 18:59 | Research | Castle Age |
| 19:03 | Create | Archer |
| 19:03 | Create | Archer |
| 19:26 | Create | Villager (Male) |
| 19:38 | Build | House |
| 19:40 | Create | Archer |
| 19:40 | Create | Archer |
| 19:42 | Build | House |
| 19:43 | Build | Palisade Wall |
| 20:09 | Create | Archer |
| 20:54 | Create | Archer |
| 20:54 | Create | Archer |
| 20:55 | Create | Villager (Male) |
| 20:57 | Build | Farm |
| 21:00 | Build | Farm |
| 21:05 | Build | Palisade Wall |
| 21:28 | Create | Archer |
| 21:28 | Create | Archer |
| 21:30 | Create | Villager (Male) |
| 21:39 | Age | Castle Age |
| 21:41 | Build | Siege Workshop |
| 21:43 | Research | Crossbowman (upgrade) |
| 21:49 | Research | Crossbowman (upgrade) |
| 21:49 | Research | Bodkin Arrow |
| 21:50 | Research | Bodkin Arrow |
| 21:51 | Research | Bow Saw |
| 21:52 | Create | Villager (Male) |
| 22:00 | Build | Mining Camp |
| 22:08 | Create | Archer |
| 22:08 | Create | Archer |
| 22:32 | Create | Villager (Male) |
Build order — Kai
116 actions detected in the replay
| 0:10 | Research | Loom |
| 0:47 | Create | Villager (Male) |
| 1:13 | Create | Villager (Male) |
| 1:14 | Create | Villager (Male) |
| 1:39 | Create | Villager (Male) |
| 1:39 | Create | Villager (Male) |
| 2:03 | Create | Villager (Male) |
| 2:26 | Build | Lumber Camp |
| 2:31 | Create | Villager (Male) |
| 2:46 | Create | Villager (Male) |
| 3:11 | Build | House |
| 3:21 | Create | Villager (Male) |
| 3:22 | Create | Villager (Male) |
| 4:11 | Create | Villager (Male) |
| 4:27 | Create | Villager (Male) |
| 4:27 | Create | Villager (Male) |
| 5:19 | Create | Villager (Male) |
| 5:22 | Build | Mill |
| 5:40 | Create | Villager (Male) |
| 5:43 | Build | House |
| 5:45 | Build | House |
| 5:52 | Create | Villager (Male) |
| 5:53 | Create | Villager (Male) |
| 5:53 | Create | Villager (Male) |
| 7:24 | Create | Villager (Male) |
| 7:39 | Create | Villager (Male) |
| 7:49 | Build | Farm |
| 7:51 | Build | Farm |
| 7:54 | Build | Farm |
| 8:00 | Build | House |
| 8:03 | Build | Palisade Wall |
| 8:17 | Build | House |
| 8:19 | Build | House |
| 8:29 | Create | Villager (Male) |
| 8:29 | Create | Villager (Male) |
| 8:56 | Build | Palisade Wall |
| 9:04 | Build | Farm |
| 9:05 | Build | Farm |
| 9:09 | Create | Villager (Male) |
| 9:22 | Build | Farm |
| 9:41 | Create | Villager (Male) |
| 9:41 | Create | Villager (Male) |
| 10:20 | Build | House |
| 10:25 | Create | Villager (Male) |
| 10:41 | Build | Farm |
| 10:42 | Research | Feudal Age |
| 10:56 | Build | Palisade Wall |
| 11:32 | Build | Lumber Camp |
| 11:44 | Build | Mining Camp |
| 12:06 | Create | Villager (Male) |
| 12:15 | Build | House |
| 12:50 | Build | Barracks |
| 13:04 | Build | Palisade Wall |
| 13:09 | Age | Feudal Age |
| 13:09 | Build | House |
| 13:12 | Create | Villager (Male) |
| 13:44 | Build | Stable |
| 13:47 | Create | Villager (Male) |
| 14:01 | Build | Blacksmith |
| 14:14 | Create | Villager (Male) |
| 15:01 | Research | Castle Age |
| 15:01 | Research | Castle Age |
| 15:25 | Research | Horse Collar |
| 15:25 | Research | Horse Collar |
| 15:28 | Build | Farm |
| 15:29 | Build | Farm |
| 15:31 | Build | Farm |
| 15:32 | Build | Farm |
| 16:04 | Build | Archery Range |
| 16:42 | Build | Farm |
| 16:44 | Create | Skirmisher |
| 16:45 | Create | Skirmisher |
| 16:48 | Build | Farm |
| 16:52 | Create | Villager (Male) |
| 16:52 | Create | Villager (Male) |
| 17:08 | Research | Fletching |
| 17:26 | Create | Skirmisher |
| 17:41 | Age | Castle Age |
| 17:54 | Build | Town Center |
| 18:05 | Create | Villager (Male) |
| 18:36 | Create | Villager (Male) |
| 18:48 | Create | Villager (Male) |
| 18:49 | Create | Villager (Male) |
| 19:02 | Create | Skirmisher |
| 19:02 | Create | Skirmisher |
| 19:07 | Create | Villager (Male) |
| 19:11 | Build | Palisade Wall |
| 19:25 | Create | Villager (Male) |
| 19:32 | Build | House |
| 19:43 | Create | Villager (Male) |
| 19:53 | Create | Villager (Male) |
| 19:55 | Create | Villager (Male) |
| 20:07 | Create | Skirmisher |
| 20:11 | Create | Villager (Male) |
| 20:11 | Create | Villager (Male) |
| 20:19 | Build | Farm |
| 20:21 | Build | Farm |
| 20:24 | Create | Villager (Male) |
| 20:47 | Build | Farm |
| 20:50 | Build | Farm |
| 20:51 | Create | Villager (Male) |
| 20:59 | Create | Skirmisher |
| 21:00 | Create | Skirmisher |
| 21:02 | Create | Villager (Male) |
| 21:10 | Create | Villager (Male) |
| 21:22 | Build | Farm |
| 21:33 | Create | Skirmisher |
| 21:36 | Create | Villager (Male) |
| 21:36 | Create | Villager (Male) |
| 21:46 | Build | Siege Workshop |
| 21:53 | Build | Palisade Wall |
| 21:58 | Create | Villager (Male) |
| 22:02 | Create | Villager (Male) |
| 22:08 | Build | Farm |
| 22:10 | Build | Farm |
| 22:23 | Create | Villager (Male) |
Match timeline
| 4:35 | Arlechinno · first_building Barracks |
| 8:03 | Kai · wall_segment Palisade Wall x4 |
| 8:41 | Arlechinno · wall_segment Palisade Wall x15 |
| 8:56 | Kai · wall_segment Palisade Wall x1 |
| 10:56 | Kai · wall_segment Palisade Wall x1 |
| 11:38 | Arlechinno · age_up feudal |
| 11:47 | Arlechinno · first_building Archery Range |
| 12:50 | Kai · first_building Barracks |
| 13:04 | Kai · wall_segment Palisade Wall x1 |
| 13:09 | Kai · age_up feudal |
| 13:44 | Kai · first_building Stable |
| 16:04 | Kai · first_building Archery Range |
| 17:30 | Arlechinno · wall_segment Palisade Wall x1 |
| 17:31 | Arlechinno · wall_segment Palisade Wall x1 |
| 17:32 | Arlechinno · wall_segment Palisade Wall x1 |
| 17:32 | Arlechinno · wall_segment Palisade Wall x1 |
| 17:41 | Kai · age_up castle |
| 19:11 | Kai · wall_segment Palisade Wall x1 |
| 19:43 | Arlechinno · wall_segment Palisade Wall x19 |
| 21:05 | Arlechinno · wall_segment Palisade Wall x1 |
| 21:39 | Arlechinno · age_up castle |
| 21:41 | Arlechinno · first_building Siege Workshop |
| 21:46 | Kai · first_building Siege Workshop |
| 21:53 | Kai · wall_segment Palisade Wall x1 |
| 22:41 | Kai · resign |
[ AI ANALYSIS · 1 CREDIT ]
What really happened in this match?
Wolo.gg analyzes every decision: build order, eco, micro, common mistakes by bracket. Personalized analysis on WhatsApp or Discord in 30 seconds.
Civ guide
Maya
Perfil
Jugador #2878663